 Dungeon Crawl Stone Soup version 0.29-a0-375-g5102b3be25 (webtiles) character file.

Game seed: 3124093354572988345

4661 domi the Destroyer (level 10, -2/94 HPs)
             Began as a Demonspawn Hedge Wizard on May 3, 2022.
             Was an Initiate of Gozag.
             Slain by a vault guard
             ... wielding a +0 broad axe
              (10 damage)
             ... in a bailey.
             The game lasted 00:27:44 (10672 turns).

domi the Destroyer (Demonspawn Hedge Wizard)       Turns: 10672, Time: 00:27:44

Health: -2/94      AC: 29    Str: 11    XL:     10   Next: 20%
Magic:  2/17       EV:  2    Int: 20    God:    Gozag
Gold:   441        SH:  4    Dex: 12    Spells: 7/19 levels left

rFire   . . .      SeeInvis .   r - +1 dagger (pain)
rCold   . . .      Faith    .   (no shield)
rNeg    . . .      Spirit   .   (body armour currently unavailable)
rPois   +          Reflect  .   (helmet currently unavailable)
rElec   .          Harm     .   (cloak currently unavailable)
rCorr   .          Rampage  .   (gloves currently unavailable)
Will    .....      NoTele   +   (boots currently unavailable)
Stlth   ++........              (no amulet)
HPRegen 0.25/turn               (no ring)
MPRegen 0.15/turn               (no ring)

@: tree-form, gold aura, attractive, hasted, studying Throwing, very quick
A: stationary, stasis, torment immunity, boosted hp, (claws 1), (large bone
plates 2), icemail 1, condensation shield, demonic magic 1
a: Renounce Religion, Potion Petition, Call Merchant, Bribe Branch


You were in a bailey.
You worshipped Gozag.
Gozag was aware of your devotion.
You were a tree.
You visited 2 branches of the dungeon, and saw 8 of its levels.
You also visited: Bailey.

You collected 566 gold pieces.
You paid 125 gold pieces to Gozag.

Inventory:

Hand Weapons
 a - a +0 dagger
 r - a +1 dagger of pain (weapon)
   (You took it off a goblin on level 2 of the Dungeon)
Missiles
 m - 5 silver javelins (quivered)
 E - a curare-tipped dart {=f}
Armour
 b - a +1 robe (melded)
 c - a +0 hat
 f - a +1 pair of boots of flying (melded)
   (You acquired it on level 7 of the Dungeon)
 o - a +0 helmet (melded)
   (You found it on level 2 of the Dungeon)
 x - a +2 pair of gloves (melded)
   (You found it on level 3 of the Dungeon)
 A - the +5 leather armour of Depression {-Tele rC+++ Int+3}
   (You found it on level 5 of the Dungeon)

   Int:       It affects your intelligence (+3).
   rC:        It renders you almost immune to cold.
   -Tele:     It prevents most forms of teleportation.
 B - an orb of mayhem
   (You found it on level 5 of the Dungeon)
 D - a +1 hat
   (You found it on level 5 of the Dungeon)
Jewellery
 q - a ring of flight {+Fly, !d}
   (You found it on level 2 of the Dungeon)
 y - a ring of protection from cold {rC+}
   (You took it off a gnoll on level 4 of the Dungeon)
Wands
 d - a wand of digging (3)
   (You took it off Natasha on level 4 of the Dungeon)
Scrolls
 j - a scroll of fog
Potions
 e - 5 potions of haste {@q3}
 i - 2 potions of flight
 s - a potion of attraction {!q}
 t - 2 potions of lignification {!q!q}
 v - 2 potions of berserk rage {!q!q}


   Skills:
 - Level 1.7 Dodging
 - Level 1.7 Stealth
 - Level 5.0 Spellcasting
 + Level 9.7 Conjurations
 - Level 5.0 Summonings
 - Level 5.0 Translocations
 - Level 5.0 Air Magic
 - Level 5.0 Poison Magic


You had 7 spell levels left.
You knew the following spells:

 Your Spells              Type           Power      Damage    Failure   Level
b - Blink                 Tloc           50%        N/A       2%          2
c - Mephitic Cloud        Conj/Pois/Air  31%        N/A       2%          3
v - Iskenderun's Mystic   Conj/Tloc      34%        2d8       5%          4
x - Call Imp              Summ           25%        N/A       2%          2
z - Magic Dart            Conj           100%       1d8       1%          1

Your spell library contained the following spells:

 Spells                   Type           Power      Damage    Failure   Level
 Conjure Flame            Conj/Fire      24%        6-21      4%          3
 Dazzling Flash           Conj/Hex       48%        N/A       4%          3
 Gell's Gravitas          Tloc           25%        N/A       4%          3
 Lesser Beckoning         Tloc           25%        N/A       4%          3
 Stone Arrow              Conj/Erth      48%        3d10      4%          3
 Teleport Other           Tloc           25%        N/A       4%          3
 Slow                     Hex            20%        N/A       12%         1
 Animate Armour           Summ/Erth      30%        N/A       38%         4
 Starburst                Conj/Fire      12%        6d5       94%         6
 Lehudib's Crystal Spear  Conj/Erth      12%        10d4      100%        8


Dungeon Overview and Level Annotations

Branches:
Dungeon (7/15)             Temple (1/1) D:6          Bailey (1/1)

Altars:
Ashenzari
Dithmenos
Elyvilon
Gozag
Hepliaklqana
Nemelex Xobeh
Okawaru
Sif Muna
Trog
Uskayaw
Vehumet
Wu Jian
Yredelemnul
Zin
The Shining One

Shops:
D:7 *

Annotations:
D:3 1 runed translucent door, Crazy Yiuf
D:7 Joseph, Pikel Bailey Prince Ribbit


Innate Abilities, Weirdness & Mutations

You are a tree.
Your roots penetrate the ground, keeping you stationary.
You cannot be teleported.
You are immune to unholy pain and torment.
Your maximum health is greatly increased.
Your equipment is partially melded.
((You have sharp fingernails.))
((You are mostly covered in large bone plates. (SH +6)))
A meltable icy envelope protects you from harm. (AC +4)
A meltable shield of frost defends you. (SH +4)
Spells you cast may paralyse adjacent enemies.


Message History

You closely miss the hobgoblin.
The hobgoblin hits you with a +0 hand axe.
Prince Ribbit blinks!
You take 1 damage, and have 25/63 hp.
You closely miss the hobgoblin. The hobgoblin misses you.
Prince Ribbit blinks!
The hobgoblin misses you.
You closely miss the hobgoblin.
Prince Ribbit blinks! x2
You barely miss the vault guard. Prince Ribbit closely misses you.
Prince Ribbit attacks as you move away! Prince Ribbit hits you!
* * * LOW HITPOINT WARNING * * *
The vault guard closely misses you. You block Prince Ribbit's attack.
You take 11 damage, and have 15/63 hp.
Prince Ribbit attacks as you move away! You block Prince Ribbit's attack.
There is an open door, spattered with blood here.
You feel yourself speed up.
The vault guard hits you with a +0 broad axe!
* * * LOW HITPOINT WARNING * * *
You take 11 damage, and have 4/63 hp.
Prince Ribbit blinks!
You reach down and open the door.
Your hearing returns.
There is an open door here.
Which direction?
You reach down and close the door.
Okay, then.
Okay, then.
Something unseen opens the door.
There is an open door here.
Aim: Prince Ribbit (severely wounded, chance to affect: 72%)
The ball explodes into a vile cloud!
The stinking cloud engulfs Prince Ribbit but does no damage.
Malevolent energies surge around you.
Prince Ribbit is engulfed in noxious fumes.
You now have 5/17 mp.
Aim: Prince Ribbit (severely wounded, chance to affect: 72%)
The ball explodes into a vile cloud!
The stinking cloud engulfs Prince Ribbit but does no damage.
Malevolent energies surge around you.
Prince Ribbit is engulfed in noxious fumes.
Prince Ribbit blinks!
You now have 2/17 mp.
The hobgoblin hits you with a +0 hand axe.
* * * LOW HITPOINT WARNING * * *
Prince Ribbit is engulfed in noxious fumes.
Prince Ribbit appears confused.
You take 2 damage, and have 4/63 hp.
You hit the hobgoblin but do no damage. You block the hobgoblin's attack.
Prince Ribbit is engulfed in noxious fumes.
Prince Ribbit appears confused.
You hit Prince Ribbit.
The hobgoblin hits you but does no damage.
You block Prince Ribbit's attack.
The hobgoblin hits you but does no damage.
You hit Prince Ribbit.
The hobgoblin is no longer moving quickly.
The hobgoblin closely misses you.
A beastly little devil appears in a puff of flame.
Malevolent energies surge around you.
The hobgoblin suddenly stops moving!
Prince Ribbit is engulfed in noxious fumes.
Prince Ribbit appears confused.
You now have 1/17 mp.
The helpless hobgoblin fails to defend itself.
You hit the hobgoblin.
The helpless hobgoblin fails to defend itself.
You hit the hobgoblin.
You kill the hobgoblin!
You block the vault guard's attack.
Prince Ribbit barely misses the vault guard.
Items here: ! $ ) [.
Your crimson imp hits the vault guard but does no damage.
Your crimson imp barely misses the vault guard.
Prince Ribbit is distracted by your dazzling golden aura.
Your crimson imp blinks!
It was a potion of attraction.
You feel attractive to monsters.
The vault guard is attracted toward you.
Prince Ribbit is attracted toward you.
Really quaff
t - 3 potions of lignification {!q!q}?
Really quaff the potion of lignification?
Okay, then.
Really quaff
t - 3 potions of lignification {!q!q}?
Really quaff the potion of lignification?
You turn into a tree.
Your +0 helmet melds into your body.
Your +2 pair of gloves melds into your body.
Your +1 pair of boots of flying melds into your body.
Your +1 robe melds into your body.
You float gracefully downwards.
Your roots penetrate the ground.
The vault guard hits you but does no damage.
Prince Ribbit gives a loud, deep croak!
You now have 9/94 hp.
You don't have enough magic to cast this spell.
You closely miss Prince Ribbit.
Prince Ribbit is no longer distracted by gold.
Prince Ribbit hits you.
* * * LOW HITPOINT WARNING * * *
You take 1 damage, and have 8/94 hp.
You hit Prince Ribbit.
The vault guard hits you with a +0 broad axe!
You die...
Your body crumbles into a pile of gold.

***##≈o.≈#*≈##..)).#
#≈≈.o≈####......#
#≈≈oo≈#..'..p...#
###g###..####'###
#..F..#...##≈≈≈##
#.o...#..$#≈≈p≈≈#
#..####..)#≈g≈≈≈#
#....#F§).#F≈≈≈≈#
##...♣p5#'#'#≈≈##
##....##...####
######.....# #.∩.∩.#
#.....# ##...##
#####


You could see a vault guard (ally target), Prince Ribbit (confused) and a
friendly crimson imp (summoned).

Vanquished Creatures
  Sigmund (D:3)
  5 humans (Bailey)
  A steam dragon (D:6)
  Menkaure (D:4)
  A water moccasin (D:7)
  An orc warrior (D:4)
  An ice beast (D:5)
  3 black bears
  3 centaurs (D:6)
  2 phantoms
  A kobold brigand (D:6)
  9 bullfrogs
  7 scorpions
  A wight (D:7)
  2 killer bees (D:7)
  A jelly (D:4)
  An orc priest (D:3)
  2 hounds (D:6)
  An iguana (D:6)
  Natasha (twice) (D:4)
  3 orc wizards
  Robin (D:2)
  6 gnolls (D:4)
  6 adders
  A shadow imp (D:7)
  A white imp (D:6)
  3 ufetubi
  A worm (D:3)
  2 dart slugs
  15 orcs
  9 ball pythons
  13 endoplasms
  5 giant cockroaches
  9 goblins
  8 hobgoblins
  8 kobolds
  4 quokkas
  5 bats
  5 frilled lizards
  11 rats
162 creatures vanquished.

Vanquished Creatures (collateral kills)
  A troll (D:6)
  A black bear (D:5)
  2 bullfrogs (Bailey)
  3 wights (D:7)
  4 killer bees (D:7)
  2 hounds
  A jelly (D:7)
  Natasha (D:4)
  An adder (D:6)
  2 gnolls (D:4)
  An orc (D:4)
  An endoplasm (D:4)
20 creatures vanquished.

Vanquished Creatures (others)
  8 plants (D:4)
8 creatures vanquished.

Grand Total: 190 creatures vanquished

Notes
Turn   | Place    | Note
-------+----------+-------------------------------------------
     0 | D:1      | domi the Demonspawn Hedge Wizard began the quest for the
                  | Orb.
     0 | D:1      | Reached XP level 1. HP: 13/13 MP: 4/4
   345 | D:1      | Reached skill level 2 in Conjurations
   382 | D:1      | Gained mutation: You are partially covered in large bone
                  | plates. (SH +4) [demonic ancestry]
   382 | D:1      | Reached XP level 2. HP: 19/19 MP: 3/6
   960 | D:1      | Reached skill level 3 in Conjurations
  1392 | D:2      | Gained mutation: Spells you cast may paralyse adjacent
                  | enemies. [demonic ancestry]
  1392 | D:2      | Reached XP level 3. HP: 24/24 MP: 4/7
  1479 | D:2      | Learned a level 2 spell: Call Imp
  1482 | D:2      | Learned a level 2 spell: Blink
  1486 | D:2      | Learned a level 3 spell: Mephitic Cloud
  2172 | D:2      | Noticed Robin
  2176 | D:2      | Gained mutation: A meltable shield of frost defends you.
                  | (SH +4) [demonic ancestry]
  2176 | D:2      | Reached XP level 4. HP: 30/30 MP: 0/8
  2280 | D:2      | Reached skill level 4 in Conjurations
  2499 | D:2      | Killed Robin
  3165 | D:3      | Noticed Sigmund
  3441 | D:3      | Reached skill level 5 in Conjurations
  3441 | D:3      | Reached XP level 5. HP: 35/35 MP: 0/9
  3685 | D:3      | Found a faded altar of an unknown god.
  3778 | D:3      | Killed Sigmund
  3779 | D:3      | Reached skill level 3 in Summonings
  3779 | D:3      | Reached XP level 6. HP: 41/41 MP: 1/10
  3962 | D:3      | Reached skill level 4 in Summonings
  4267 | D:3      | Found an iron altar of Okawaru.
  4397 | D:3      | Found a runed translucent door.
  4398 | D:3      | Noticed Crazy Yiuf
  4553 | D:4      | Noticed Natasha
  4639 | D:4      | Noticed Menkaure
  4661 | D:4      | HP: 10/41 [Menkaure/nerve-wracking pain (12)]
  5308 | D:4      | Reached skill level 5 in Summonings
  5398 | D:4      | Reached skill level 1 in Air Magic
  5398 | D:4      | Reached skill level 1 in Poison Magic
  5398 | D:4      | Gained mutation: You have sharp fingernails. [demonic
                  | ancestry]
  5398 | D:4      | Reached XP level 7. HP: 20/46 MP: 1/11
  5745 | D:4      | HP: 3/46 [orc warrior/+0 war axe (12)]
  6079 | D:4      | HP: 8/46 [Natasha (6)]
  6085 | D:4      | Killed Natasha
  6086 | D:4      | Reached skill level 2 in Poison Magic
  6115 | D:4      | Reached skill level 2 in Air Magic
  6200 | D:4      | Noticed Natasha
  6227 | D:4      | Killed Natasha
  6242 | D:4      | HP: 11/46 [orc warrior/+0 war axe (10)]
  6261 | D:4      | Reached skill level 3 in Poison Magic
  6495 | D:4      | Killed Menkaure
  6496 | D:4      | Reached skill level 3 in Air Magic
  6613 | D:4      | Noticed Natasha
  6621 | D:4      | Killed Natasha
  6844 | D:4      | Noticed a +0 hand axe
  6845 | D:4      | Noticed a +0 hand axe
  6847 | D:4      | Found a hide-covered altar of Uskayaw.
  6923 | D:5      | Entered Level 5 of the Dungeon
  6953 | D:5      | Reached skill level 4 in Poison Magic
  6953 | D:5      | Reached XP level 8. HP: 52/52 MP: 4/12
  7148 | D:5      | Found a bloodstained altar of Trog.
  7160 | D:5      | Reached skill level 4 in Air Magic
  7498 | D:5      | You fall into a shaft and drop 1 floor!
  7698 | D:5      | Reached skill level 5 in Poison Magic
  7938 | D:5      | Reached skill level 5 in Air Magic
  7987 | D:5      | Reached skill level 2 in Translocations
  8101 | D:5      | Identified the +5 leather armour of Depression {-Tele rC+++
                  | Int+3}
  8295 | D:5      | Reached skill level 3 in Translocations
  8515 | D:6      | Reached skill level 4 in Translocations
  8755 | D:6      | Gained mutation: A meltable icy envelope protects you from
                  | harm. (AC +4) [demonic ancestry]
  8755 | D:6      | Reached XP level 9. HP: 52/57 MP: 9/13
  8819 | D:6      | Reached skill level 5 in Translocations
  8824 | D:6      | Learned a level 4 spell: Iskenderun's Mystic Blast
  8975 | D:6      | Noticed a troll
  8984 | D:6      | Killed a troll
  8985 | D:6      | Reached skill level 4 in Spellcasting
  9179 | D:6      | Reached skill level 6 in Conjurations
  9421 | D:6      | Found a staircase to the Ecumenical Temple.
  9430 | Temple   | Entered the Ecumenical Temple
  9653 | Temple   | Became a worshipper of Gozag Ym Sagoz the Greedy
  9749 | D:7      | Identified a scroll of acquirement
  9749 | D:7      | Acquired a +1 pair of boots of flying
  9821 | D:7      | Reached skill level 5 in Spellcasting
  9867 | D:7      | Noticed Joseph
  9879 | D:7      | Reached skill level 7 in Conjurations
  9924 | D:7      | Found Baariyco's General Store.
  9966 | D:7      | Noticed Pikel
  9981 | D:7      | Found a flagged portal.
  9990 | Bailey   | Entered a bailey
 10135 | Bailey   | HP: 14/57 [human/+0 war axe (8)]
 10169 | Bailey   | HP: 13/57 [human/+1 vorpal hand axe (6)]
 10170 | Bailey   | Reached skill level 8 in Conjurations
 10208 | Bailey   | Gained mutation: You are mostly covered in large bone
                  | plates. (SH +6) [demonic ancestry]
 10208 | Bailey   | Reached XP level 10. HP: 45/63 MP: 9/17
 10235 | Bailey   | Reached skill level 9 in Conjurations
 10596 | Bailey   | Noticed a vault guard
 10607 | Bailey   | Noticed Prince Ribbit
 10637 | Bailey   | HP: 15/63 [Prince Ribbit (11)]
 10639 | Bailey   | HP: 4/63 [vault guard/+0 broad axe (12)]
 10657 | Bailey   | HP: 4/63 [hobgoblin/+0 hand axe (2)]
 10671 | Bailey   | HP: 8/94 [Prince Ribbit (1)]
 10672 | Bailey   | Slain by a vault guard

Illustrated notes

Levels and vault maps discovered:
D:1:      kennysheep_arrival_forest, layout_basic, minmay_rat_gold_closets
D:2:      layout_basic, nrook_loot_triangle, uniq_robin
D:3:      layout_loops_ring, okawaru_gym_becter,
          chequers_ecumenical_altar_simple_redux, uniq_sigmund,
          uniq_crazy_yiuf_cottage
D:4:      layout_basic, dancing_weapons_uskayaw, serial_forest,
          infiniplex_forest_end_1, infiniplex_forest_end_1,
          infiniplex_forest_clump_small, infiniplex_forest_clump_tiny,
          infiniplex_forest_side_room, uniq_menkaure, uniq_natasha
D:5:      layout_basic, trog_ov_bears_minmay, kennysheep_generic_room_12
D:6:      layout_rooms, temple_hall, minmay_manual_mares
D:7:      layout_loops_cross, zin_academy, serial_shops,
          nicolae_shop_waterfront, enter_bailey_2, uniq_pikel, uniq_joseph
Temple:   minmay_temple_curvy_loop
Bailey:   bailey_axe_froggy_fort_hellmonk, bailey

Skill      XL: |  1  2  3  4  5  6  7  8  9 10 |
---------------+-------------------------------+-----
Conjurations   | 2 3 5 8 9 |  9.7
Summonings     | 3 5 |  5.0
Air Magic      | 1 3 5 |  5.0
Poison Magic   | 1 4 5 |  5.0
Translocations | 4 5 |  5.0
Spellcasting   | 5 |  5.0
Dodging        | |  1.7
Stealth        | |  1.7

Action                   |  1- 3 |  4- 6 |  7- 9 | 10-12 || total
-------------------------+-------+-------+-------+-------++-------
Melee: Dagger            |    10 |    31 |   172 |    45 ||   258
       Punch             |     1 |     1 |     3 |     1 ||     6
Throw: Javelin           |       |       |     3 |       ||     3
 Cast: Magic Dart        |    97 |   121 |   225 |    23 ||   466
       Mephitic Cloud    |       |     3 |    18 |     5 ||    26
       Call Imp          |       |     4 |    26 |     4 ||    34
       Blink             |       |       |     2 |       ||     2
       Iskenderun's Myst |       |       |       |     5 ||     5
  Use: Potion            |       |       |     9 |     3 ||    12
       Scroll            |       |       |    15 |     2 ||    17
 Stab: Paralysed         |     1 |    12 |    81 |    13 ||   107
       Confused          |       |       |     3 |     2 ||     5
Armor: Robe              |     7 |     8 |    60 |    13 ||    88
       Skin              |       |       |       |     1 ||     1
Dodge: Dodged            |    12 |    18 |   130 |    26 ||   186
Block: Other             |     2 |    16 |    85 |    30 ||   133

Table legend: (Time is in decaauts)
 A = Elapsed time spent in this place.
 B = Non-inter-level travel time spent in this place.
 C = Inter-level travel time spent in this place.
 D = Time resting spent in this place.
 E = Time spent auto-exploring this place.
 F = Levels seen in this place.
 G = Mean time per level.
                   A        B        C        D        E       F      G
               +--------+--------+--------+--------+--------+-----+--------+
         Total |  10689 |  10246 |    443 |   3058 |   5237 |   9 | 1187.7 |
       Dungeon |   9775 |   9380 |    395 |   2715 |   5005 |   7 | 1396.4 |
        Temple |    241 |    193 |     48 |      0 |    184 |   1 |  241.0 |
        Bailey |    672 |    672 |      0 |    342 |     48 |   1 |  672.0 |
               +--------+--------+--------+--------+--------+-----+--------+

Top non-repeatable levels by time:
     D:4: 2011 daAuts
     D:2: 1980 daAuts
     D:3: 1644 daAuts
     D:5: 1420 daAuts
     D:1: 1392 daAuts
     D:6: 1069 daAuts
  Bailey: 672 daAuts
     D:7: 256 daAuts
  Temple: 241 daAuts

Table legend:
 A = Kills in this place as a percentage of kills in entire the game.
 B = Kills by you in this place as a percentage of kills by you in the entire game.
 C = Kills by friends in this place as a percentage of kills by friends in the entire game.
 D = Other kills in this place as a percentage of other kills in the entire game.
 E = Experience gained in this place as a percentage of experience gained in the entire game.
 F = Experience gained in this place divided by the number of levels of this place that you have seen.
                   A       B       C       D       E      F
               +-------+-------+-------+-------+-------+----------------------
         Total | 100.0 | 100.0 | 100.0 | 100.0 | 100.0 | 739.9
       Dungeon |  90.1 |  90.8 |  90.0 |  80.0 |  71.8 | 682.9
        Bailey |   9.9 |   9.2 |  10.0 |  20.0 |  28.2 | 1879.0
               +-------+-------+-------+-------+-------+----------------------
